Unix NetHack Version 5.0.0-0 post-release - last build Jul 19 2026 19:10:59 (3aa4ab31751d3886436d94b585a96704892fd477,branch:main).

Game began 2026-07-21 12:50:31, ended 2026-07-21 13:24:47.

Eymerich, chaotic male elven Priest

       -------
       |.....+
       |.....|
       |.....+
       |.....|
       |.<....#
       ----|--#
         ###  #                 #
       ###    #                 #
       #      ##                #
  -----.------ #                ##
  |.>........| ####              #q@b#
  |..........|    #--------.------   #
  |.........^.#####|.............|   ####
  |..........|    #|.....[........#######
  ------------    #-............{|      #....
                  #|.............|        ----
                   ---------------

Eymerich the Acolyte         St:12 Dx:11 Co:15 In:14 Wi:17 Ch:9  Chaotic
Dlvl:5  $:46 HP:0(31) Pw:48(48) AC:6  Xp:4 T:3001 

Latest messages:
 You hear the rumble of distant thunder...
 The rothe is caught in the gas spore's explosion!
 You kill the rothe!
 You are caught in the gas spore's explosion!
 There is a fountain here.
 You see here a rothe corpse.
 There is a rothe corpse here; eat it? [ynq] (n)
 This rothe corpse tastes okay.
 You stop eating the rothe corpse.
 There is a partly eaten rothe corpse here; eat it? [ynq] (n)
 You consume the last bite of your meal.
 You finish eating the rothe corpse.
 You hear a door open.
 The rothe hits!
 The rothe bites!
 The rothe bites again!
 You hit the rothe!
 The rothe hits!
 The rothe bites!
 The rothe bites again!
 You miss the rothe.
 The rothe hits!
 The rothe bites!
 The rothe bites again!
 You miss the rothe.
 The rothe misses!
 The rothe bites!
 The rothe bites again!
 You kill the rothe!
 You see here a rothe corpse.
 There is a rothe corpse here; eat it? [ynq] (n)
 This rothe corpse is tough.
 You hear crashing rock.
 You finish eating the rothe corpse.
 The rothe hits!
 The rothe bites!
 The rothe bites again!
 What do you want to wear? [c or ?*]
 You are now wearing a small shield.
 You hit the rothe.
 The rothe just misses!
 The rothe bites!
 The rothe bites again!
 You miss the rothe.
 The rothe hits!
 The rothe bites!
 You die...
 Do you want your possessions identified? [ynq] (y)
 Do you want to see your attributes? [ynq] (y)
 Do you want an account of creatures vanquished? [ynaq] (y)

Inventory:
 Coins    ('$')
  $ - 46 gold pieces
 Weapons  (')')
  C - 4 +0 crossbow bolts (in quiver pouch)
  D - a +0 crossbow (alternate weapon; not wielded)
  P - a blessed +0 dagger
  w - 2 +0 elven daggers
  l - a +0 stiletto
  a - a blessed +1 mace (weapon in right hand)
 Armor    ('[')
  B - a +0 pair of low boots (being worn)
  c - a +0 small shield (being worn)
  b - a +0 robe (being worn)
 Comestibles  ('%')
  e - a clove of garlic
  G - a food ration
  f - a sprig of wolfsbane
  o - a tripe ration
  O - a lichen corpse
  R - a partly eaten lichen corpse
 Scrolls  ('?')
  x - a scroll of create monster
  Q - a scroll of enchant weapon
  A - a scroll of light
  r - a scroll of remove curse
 Spellbooks  ('+')
  h - a spellbook of identify
  g - a spellbook of protection
 Potions  ('!')
  m - 2 potions of healing
  N - a potion of object detection
  k - a potion of sickness
  F - a potion of speed
  d - 7 potions of holy water
 Tools    ('(')
  i - a wooden flute
  u - a blindfold
 Gems/Stones  ('*')
  q - a worthless piece of violet glass named soft
  y - a rock

Eymerich the Priest's attributes:

Background:
 You were an Acolyte, a level 4 elven Priest.
 You were chaotic, on a mission for Manannan Mac Lir
 who was opposed by Lugh (lawful) and Brigit (neutral).
 You were right-handed.
 You were in the Dungeons of Doom, on level 5.
 You entered the dungeon 3001 turns ago.
 You had 117 experience points, 43 more were needed to attain level 5.

Basics:
 You had 0 out of 31 hit points.
 You had all 48 energy points (spell power).
 Your armor class was 6.
 Your wallet contained 46 zorkmids.
 Autopickup was off.

Final Characteristics:
 Your strength was 12 (limit:18).
 Your dexterity was 11 (limit:18).
 Your constitution was 15 (limit:16).
 Your intelligence was 14 (limit:20).
 Your wisdom was 17 (limit:20).
 Your charisma was 9 (limit:18).

Final Status:
 You weren't hungry.
 You were unencumbered.
 You were wielding a mace.
 You had basic skill with mace.

Final Attributes:
 You were piously aligned.
 You were sleep resistant.
 You were telepathic.
 You had infravision.
 You were guarded.
 Your spell casting was enhanced by wearing a robe.
 You are dead.

Miscellaneous:
 You encountered 1 bones level.
 Total elapsed playing time was 34 minutes and 15 seconds.

Major events:
 Turn
    1: Eymerich the chaotic elven Priest entered the dungeon
 1324: attained the rank of Acolyte (level 3)
 2154: entered the Gnomish Mines
 3001: killed by a rothe

Spells:
 Name                 Level Category     Fail Retention
 protection             1   clerical       0%   81%-90%
 identify               3   divination    84%  76%-100%

Skills:
 Fighting Skills
   bare handed combat [Unskilled]
 Weapon Skills
   club               [Unskilled]
   mace               [Basic]
   morning star       [Unskilled]
   flail              [Unskilled]
   hammer             [Unskilled]
   quarterstaff       [Unskilled]
   polearms           [Unskilled]
   spear              [Unskilled]
   trident            [Unskilled]
   lance              [Unskilled]
   bow                [Unskilled]
   sling              [Unskilled]
   crossbow           [Unskilled]
   dart               [Unskilled]
   shuriken           [Unskilled]
   boomerang          [Unskilled]
   unicorn horn       [Unskilled]
 Spellcasting Skills
   healing spells     [Unskilled]
   divination spells  [Unskilled]
   clerical spells    [Basic]

Voluntary challenges:
 Character rerolling was not enabled.
 You were illiterate.
 You never genocided any monsters.
 You never polymorphed an object.
 You never changed form.
 You used no wishes.
Achievements:
 You attained the rank of Acolyte.
 You entered a shop.
 You entered the Gnomish Mines.

 The Dungeons of Doom: levels 1 to 5
    Level 1: "vault"
       A fountain.
    Level 2:
       Some fountains.
    Level 3:
       Some fountains.
    Level 4: "vault"
       A potion shop.
       Stairs down to The Gnomish Mines.
    Level 5: <- You were here.
       A fountain.
       Final resting place for
          you, killed by a rothe,
          Lanfaedhe-Wiz-Elf-Fem-Cha, killed by a rothe.
 The Gnomish Mines:
    Level 5:


Vanquished creatures:
  2 little dogs
  a floating eye
  2 rothes
  a giant bat
  a wererat
 an iguana
  2 acid blobs
  2 gas spores
  3 hobbits
  3 giant rats
  a cave spider
  a green mold
  a red mold
  a gnome
  a gnome zombie
  4 geckos
  6 jackals
  5 grid bugs
  6 lichens
  2 kobold zombies
  9 newts
55 creatures vanquished.

No species were genocided or became extinct.

Game over:
                       ----------
                      /          \
                     /    REST    \
                    /      IN      \
                   /     PEACE      \
                  /                  \
                  |     Eymerich     |
                  |      46 Au       |
                  |   killed by a    |
                  |      rothe       |
                  |                  |
                  |                  |
                  |       2026       |
                 *|     *  *  *      | *
        _________)/\\_//(\/(/\)/\//\/|_)_______

Goodbye Eymerich the Priest...

You died in The Dungeons of Doom on dungeon level 5 with 710 points,
and 46 pieces of gold, after 3001 moves.
You were level 4 with a maximum of 31 hit points when you died.

